 Dungeon Crawl Stone Soup version 0.28-a0-1616-g050a50673c (webtiles) character file.

Game seed: 15175064620456806636

2009 grumblor the Fighter (level 9, -3/75 HPs)
             Began as a Mummy Fighter on Jan 22, 2022.
             Was an Initiate of Gozag.
             Slain by a black bear (11 damage)
             ... on level 6 of the Dungeon.
             The game lasted 00:08:47 (6290 turns).

grumblor the Fighter (Mummy Fighter)                Turns: 6290, Time: 00:08:48

Health: -3/75      AC: 12    Str: 24    XL:     9   Next: 2%
Magic:  9/9        EV: 11    Int:  7    God:    Gozag
Gold:   273        SH:  4    Dex: 11    Spells: 8/8 levels left

rFire   x . .      SeeInvis .   a - +1 war axe
rCold   + . .      Faith    .   c - +0 buckler
rNeg    + + +      Spirit   .   h - quicksilver dragon scales
rPois   ∞          Reflect  .   b - +0 helmet
rElec   .          Harm     .   l - +0 cloak
rCorr   .          Rampage  .   (no gloves)
Will    ++...                   (no boots)
Stlth   +.........              (no amulet)
HPRegen 0.22/turn               (no ring)
MPRegen 0.11/turn               (no ring)

@: no status effects
A: cold resistance 1, negative energy resistance 3, torment resistance 2, heat
vulnerability 1, no potions
a: Renounce Religion, Potion Petition, Call Merchant, Bribe Branch


You were on level 6 of the Dungeon.
You worshipped Gozag.
Gozag was aware of your devotion.
You visited 2 branches of the dungeon, and saw 7 of its levels.

You collected 360 gold pieces.
You paid 87 gold pieces to Gozag.

Inventory:

Hand Weapons
 a - a +1 war axe (weapon)
Missiles
 e - 4 boomerangs (quivered)
Armour
 b - a +0 helmet (worn)
 c - a +0 buckler (worn)
 h - quicksilver dragon scales (worn)
 l - a +0 cloak (worn)
Wands
 k - a wand of digging (2)
Scrolls
 f - a scroll of enchant weapon
 g - a scroll of fog
 j - a scroll of identify


   Skills:
 * Level 8.5 Fighting
 - Level 4.0 Axes
 - Level 2.0 Throwing
 - Level 4.0 Armour
 - Level 2.0 Dodging
 * Level 3.6 Shields
 * Level 2.9 Evocations


You had 8 spell levels left.
You didn't know any spells.
Your spell library contained the following spells:

 Spells                   Type           Power      Damage    Failure   Level
 Animate Skeleton         Necr           0%         N/A       67%         1
 Pain                     Necr           0%         1d4       67%         1
 Blink                    Tloc           0%         N/A       80%         2
 Static Discharge         Conj/Air       0%         N/A       80%         2
 Lesser Beckoning         Tloc           0%         N/A       95%         3
 Vampiric Draining        Necr           0%         2d6       95%         3
 Dispel Undead            Necr           0%         3d6       100%        4
 Hailstorm                Conj/Ice       0%         3d3       100%        4
 Sticky Flame             Conj/Fire      0%         2d3       100%        4
 Manifold Assault         Tloc           0%         N/A       100%        5
 Simulacrum               Ice/Necr       0%         N/A       100%        6
 Ice Form                 Ice/Tmut       Unusable   N/A       N/A         4

Dungeon Overview and Level Annotations

Branches:
Dungeon (6/15)             Temple (1/1) D:6

Altars:
Ashenzari
Cheibriados
Dithmenos
Fedhas
Gozag
Hepliaklqana
Kikubaaqudgha
Makhleb
Nemelex Xobeh
Okawaru
Qazlal
Ru
Sif Muna
Trog
Uskayaw
Vehumet
Wu Jian
Xom
Yredelemnul
Zin
The Shining One

Shops:
D:1 (   D:2 *


Innate Abilities, Weirdness & Mutations

You are immune to poison.
Your flesh is cold resistant. (rC+)
You are immune to negative energy. (rN+++)
You are immune to unholy pain and torment.
You are vulnerable to heat. (rF-)
You do not drink.


Message History

* * * LOW HITPOINT WARNING * * *
The black bear claws you but does no damage.
The black bear barely misses you.
You completely miss the black bear.
The black bear is severely wounded.
The black bear bites you.
* * * LOW HITPOINT WARNING * * *
You block the black bear's attack. The black bear claws you.
* * * LOW HITPOINT WARNING * * *
The black bear bites you but does no damage.
The black bear closely misses you.
The black bear claws you but does no damage.
Throw: dart (poison)
Press: ? - help, Q - select action, (/) - cycle Shift-Dir - straight line, f/p - black bear
Aim: a black bear (severely wounded, berserk, 69% to hit)
You throw a poisoned dart. The poisoned dart hits the black bear.
The black bear is poisoned.
The black bear is severely wounded.
The black bear bites you but does no damage.
You block the black bear's attack.
The black bear claws you but does no damage.
The black bear closely misses you. The black bear barely misses you.
The black bear claws you but does no damage.
The black bear bites you.
* * * LOW HITPOINT WARNING * * *
The black bear claws you but does no damage.
The black bear completely misses you.
The black bear rages.
The black bear bites you but does no damage.
The black bear claws you but does no damage.
The black bear barely misses you.
You closely miss the black bear.
The black bear is almost dead.
The black bear bites you but does no damage.
The black bear claws you.
* * * LOW HITPOINT WARNING * * *
The black bear claws you but does no damage.
The black bear bites you!
You die...
Your body crumbles into a pile of gold.

..# ##...# ..##### ##....##
.......######......##
..................#.#
#....#.#............#
#.##.#.#.#..........##
.........#...........#######
.#.#.##....................#
.#.#?...#.......@h......#..#
........#...........#..##
#.>.#.#.............^#..#
#...#.#.##.........#..(.###...
..#.................#.(........
#.#.##.#............##(........
.......#...#..........(.....#..
.#.##....#.###................
.#....# .......#......##


You could see a black bear (berserk, poisoned).

Vanquished Creatures
  Prince Ribbit (D:5)
  Grinder (D:5)
  A steam dragon (D:6)
  A black bear (D:5)
  An ice beast (D:6)
  2 ogres (D:5)
  2 necrophages
  2 phantoms
  Blork the orc (D:5)
  A bullfrog (D:6)
  2 scorpions
  A wyvern zombie (D:5)
  A water moccasin skeleton (D:4)
  A howler monkey (D:5)
  Crazy Yiuf (D:5)
  A hound (D:6)
  2 bullfrog skeletons
  Ijyb (D:4)
  3 iguanas
  A hound skeleton (D:4)
  Robin (D:3)
  7 adders
  A white imp (D:5)
  3 ufetubi
  A worm (D:4)
  5 dart slugs
  5 orcs (D:4)
  5 ball pythons
  7 endoplasms
  4 giant cockroaches
  7 hobgoblins
  12 jackals
  9 kobolds
  4 quokkas
  A bat (D:2)
  3 frilled lizards (D:1)
  14 goblins
  5 rats
121 creatures vanquished.

Vanquished Creatures (others)
  A plant (D:1)
1 creature vanquished.

Grand Total: 122 creatures vanquished

Notes
Turn   | Place    | Note
-------+----------+-------------------------------------------
     0 | D:1      | grumblor the Mummy Fighter began the quest for the Orb.
     0 | D:1      | Reached XP level 1. HP: 18/18 MP: 1/1
   122 | D:1      | Reached XP level 2. HP: 24/24 MP: 2/2
   480 | D:1      | Reached XP level 3. HP: 26/29 MP: 3/3
   639 | D:1      | Found Vor Wizej's Antique Weapon Shop.
   863 | D:2      | Reached skill level 1 in Dodging
  1435 | D:2      | Found Gibibbi's General Store.
  2166 | D:3      | Noticed Robin
  2189 | D:3      | Reached XP level 4. HP: 30/37 MP: 4/4
  2196 | D:3      | Killed Robin
  2727 | D:4      | Noticed a necrophage
  2741 | D:3      | Killed a necrophage
  2742 | D:3      | Reached skill level 4 in Fighting
  2742 | D:3      | Reached XP level 5. HP: 35/42 MP: 5/5
  3068 | D:4      | Reached XP level 6. HP: 49/49 MP: 6/6
  3303 | D:4      | Reached skill level 5 in Fighting
  3303 | D:4      | Reached skill level 1 in Throwing
  3370 | D:4      | Found a bloodstained altar of Trog.
  3801 | D:4      | Noticed Ijyb
  3807 | D:4      | Killed Ijyb
  3861 | D:5      | Entered Level 5 of the Dungeon
  3879 | D:5      | Reached XP level 7. HP: 49/56 MP: 7/7
  4080 | D:5      | Reached skill level 1 in Evocations
  4212 | D:5      | Reached skill level 6 in Fighting
  4590 | D:5      | Found a runed translucent door.
  4591 | D:5      | Noticed Crazy Yiuf
  4687 | D:5      | Noticed Grinder
  4700 | D:5      | Noticed Blork the orc
  4703 | D:5      | Killed Grinder
  4704 | D:5      | Reached XP level 8. HP: 60/65 MP: 8/8
  4710 | D:5      | Killed Blork the orc
  4711 | D:5      | Reached skill level 7 in Fighting
  5338 | D:5      | Noticed Prince Ribbit
  5355 | D:5      | Killed Prince Ribbit
  5712 | D:5      | Killed Crazy Yiuf
  5799 | D:6      | Found a staircase to the Ecumenical Temple.
  5807 | Temple   | Entered the Ecumenical Temple
  5980 | Temple   | Became a worshipper of Gozag Ym Sagoz the Greedy
  6072 | D:6      | Reached skill level 8 in Fighting
  6220 | D:6      | Reached XP level 9. HP: 14/75 MP: 9/9
  6290 | D:6      | Slain by a black bear

Illustrated notes

Levels and vault maps discovered:
D:1:      roderic_dead_forest, layout_rooms, serial_shops,
          nicolae_shop_behind_doors, serial_bayou_pond_b,
          chequers_decorated_corner
D:2:      layout_basic, serial_shops, nicolae_shop_hallway_plus,
          minmay_misc_feat_room
D:3:      layout_basic, minmay_misc_feat_columns, uniq_robin
D:4:      layout_loops_ring, mainiacjoe_overflow_brackets, st_stairs_9,
          hangedman_abyss_or_decor_lesser_grid,
          nicolae_concentric_dashed_squares_mild, uniq_ijyb
D:5:      layout_gridville, st_stairs_6, uniq_prince_ribbit1, uniq_grinder,
          uniq_crazy_yiuf_cottage, uniq_blork_the_orc
D:6:      layout_layer_cave, minmay_temple_entry_ruins, st_stairs_1, uniq_maggie
Temple:   mainiacjoe_temple_hex_bubbles

Skill      XL: |  1  2  3  4  5  6  7  8 |
---------------+-------------------------+-----
Axes           | 2 3 4 |  4.0
Dodging        | 1 2 |  2.0
Fighting       | 4 5 6 8 |  8.5
Throwing       | 1 2 |  2.0
Evocations     | 2 |  2.9
Armour         | 4 |  4.0
Shields        | 3 |  3.6

Action                   |  1- 3 |  4- 6 |  7- 9 || total
-------------------------+-------+-------+-------++-------
Melee: War axe           |   130 |   129 |   137 ||   396
Throw: Boomerang         |       |     5 |    16 ||    21
       Dart              |       |       |     5 ||     5
       Throwing net      |       |       |     1 ||     1
  Use: Scroll            |     6 |       |     1 ||     7
 Stab: Distracted        |       |       |     1 ||     1
Armor: Scale mail        |    67 |       |       ||    67
       Quicksilver drago |    11 |    76 |   111 ||   198
Dodge: Dodged            |    85 |    61 |    96 ||   242
Block: Buckler           |    19 |    25 |    33 ||    77

Table legend: (Time is in decaauts)
 A = Elapsed time spent in this place.
 B = Non-inter-level travel time spent in this place.
 C = Inter-level travel time spent in this place.
 D = Time resting spent in this place.
 E = Time spent auto-exploring this place.
 F = Levels seen in this place.
 G = Mean time per level.
                   A        B        C        D        E       F      G
               +--------+--------+--------+--------+--------+-----+--------+
         Total |   6453 |   6263 |    190 |    509 |   4684 |   7 |  921.9 |
       Dungeon |   6206 |   6063 |    143 |    509 |   4490 |   6 | 1034.3 |
        Temple |    246 |    199 |     47 |      0 |    194 |   1 |  246.0 |
               +--------+--------+--------+--------+--------+-----+--------+

Top non-repeatable levels by time:
     D:5: 1731 daAuts
     D:4: 1371 daAuts
     D:2: 1001 daAuts
     D:3: 918 daAuts
     D:1: 894 daAuts
     D:6: 289 daAuts
  Temple: 246 daAuts
